 Dungeon Crawl Stone Soup version 0.31-a0-174-g85c54bcb58 (webtiles) character file.

Game seed: 4292401613140898125

92 qw the Shooter (level 4, 0/40 HPs)
             Began as a Naga Hunter on June 15, 2023.
             Slain by an orc
             ... wielding a +0 hand axe
              (4 damage)
             ... on level 3 of the Dungeon.
             The game lasted 00:00:32 (1527 turns).

qw the Shooter (Naga Hunter)                        Turns: 1527, Time: 00:00:32

Health: 0/40       AC:  2    Str: 14    XL:     4   Next: 60%
Magic:  4/4        EV:  9    Int:  9    God:
Gold:   117        SH:  5    Dex: 16    Spells: 3/3 levels left

rFire   . . .        Y - +1 shortbow
rCold   . . .        (shield currently unavailable)
rNeg    . . .        c - +0 leather armour
rPois   +            (no helmet)
rElec   .            (no cloak)
rCorr   .            (no gloves)
SInv    +            (no barding)
Will    .....        j - amulet of reflection
Stlth   ++           (no ring)
HPRegen 0.26/turn    (no ring)
MPRegen 0.09/turn

%: reflection
@: short of breath, very slow
A: AC +1, large, see invisible, deformed body, poison resistance, slowness 2,
spit poison 1, naga tail 1
a: Spit Poison


You were on level 3 of the Dungeon.
You visited 1 branch of the dungeon, and saw 3 of its levels.

You collected 117 gold pieces.


Innate Abilities, Weirdness & Mutations

Your serpentine skin is tough. (AC +1)
You have supernaturally acute eyesight. (SInv)
Armour fits poorly on your strangely shaped body.
Your system is resistant to poisons. (rPois)
You cover ground very slowly.
You can spit poison.
You have a snake-like lower body.


   Skills:
 + Level 2.8 Fighting
 - Level 5.0 Ranged Weapons
 - Level 1.5 Dodging
 - Level 1.5 Stealth


You had 3 spell levels left.
You didn't know any spells.
Your spell library was empty.

Inventory:

Hand Weapons
 Y - a +1 shortbow (weapon)
Armour
 c - a +0 leather armour (worn)
Jewellery
 j - an amulet of reflection (around neck)
Scrolls
 a - 2 scrolls of enchant armour
Potions
 b - a potion of curing {unknown}
 d - a potion of resistance {unknown}
 h - a potion of attraction {unknown}
 k - a potion of cancellation
 l - a potion of invisibility {unknown}

Dungeon Overview and Level Annotations

Branches:
Dungeon (3/15)

Altars:


Message History

The orc hits you with a +0 short sword.
You shoot an arrow. The arrow hits the orc wizard.
The orc wizard is almost dead.
The orc wizard hits you with a +0 dagger.
You shoot an arrow. The arrow barely misses the orc wizard.
You have got your breath back.
The orc wizard hits you with a +0 dagger.
You block the orc's attack. The orc barely misses you.
1521 ||| INVOKING Spit Poison.
Aiming: Spit Poison (1% risk of failure)
Press: ? - help, Shift-Dir - straight line, f/p - orc wizard The splash of poison hits the orc wizard.
You kill the orc wizard!
You block the orc's attack. x2
You shoot an arrow. The arrow hits the orc.
You kill the orc!
The orc hits you with a +0 hand axe.
The orc hits you with a +1 vampiric whip.
You shoot an arrow. The arrow hits the orc.
The orc is heavily wounded.
You have got your breath back.
The orc hits you with a +0 hand axe.
The orc hits you with a +1 vampiric whip.
The orc closely misses you. x2; The orc hits you with a +0 club.
The orc barely misses you.
1524 ||| INVOKING Spit Poison.
Aiming: Spit Poison (1% risk of failure)
Press: ? - help, Shift-Dir - straight line, f/p - orc The splash of poison hits the orc!
The orc is poisoned.
You kill the orc!
The orc hits you with a +0 club. The orc barely misses you.
You shoot an arrow.
The arrow hits the orc but does no damage.
The orc hits you with a +0 club. The orc barely misses you.
You shoot an arrow. The arrow hits the orc.
The orc is severely wounded.
The orc completely misses you. The orc hits you with a +0 hand axe.
You shoot an arrow. The arrow closely misses the orc.
The orc barely misses you. The orc hits you with a +0 hand axe.
You die...

####.........###
...........%...# .#
####.###.###.#.# .#
###.###.# #.#.# .#
#.....#.###.#.###.#
##.###>#...........#
...###<............#
##.....##.##...)...#
.......##.##....@).#
###...## .##...oo).#
##### #....(..#
#....$..# #.......#
####.#### #. #.


You could see 2 orcs.

Vanquished Creatures
  An orc wizard (D:3)
  An adder (D:2)
  2 worms (D:2)
  A dart slug (D:2)
  5 orcs
  6 endoplasms
  4 hobgoblins
  3 quokkas
  2 ball pythons (D:1)
  2 bats
  A frilled lizard (D:1)
  5 goblins
  7 kobolds
  3 rats (D:2)
43 creatures vanquished.

Notes
Turn   | Place    | Note
-------+----------+-------------------------------------------
     0 | D:1      | qw the Naga Hunter began the quest for the Orb.
     0 | D:1      | Reached XP level 1. HP: 19/19 MP: 1/1
     0 | D:1      | 0 ||| qw: Version: 0.2-a-29-g511e9b1
     0 | D:1      | 0 ||| qw: Game counter: 5165
     0 | D:1      | 0 ||| qw: Always use a shield: true
     0 | D:1      | 0 ||| qw: God list: Okawaru
     0 | D:1      | 0 ||| qw: Allow faded altars: false
     0 | D:1      | 0 ||| qw: Do Orc after D:15 true
     0 | D:1      | 0 ||| qw: Do second Lair branch before Depths: true
     0 | D:1      | 0 ||| qw: Lair rune preference: random
     0 | D:1      | 0 ||| qw: Plans: Normal
     0 | D:1      | 0 ||| PLANNING D:1-11
    14 | D:1      | 14 ||| INVOKING Spit Poison.
    58 | D:1      | 58 ||| INVOKING Spit Poison.
    59 | D:1      | 59 ||| INVOKING Spit Poison.
   146 | D:1      | 146 ||| INVOKING Spit Poison.
   147 | D:1      | Reached skill level 4 in Ranged Weapons
   147 | D:1      | Reached XP level 2. HP: 26/26 MP: 2/2
   149 | D:1      | 149 ||| INVOKING Spit Poison.
   170 | D:1      | 170 ||| INVOKING Spit Poison.
   178 | D:1      | 178 ||| INVOKING Spit Poison.
   185 | D:1      | 185 ||| INVOKING Spit Poison.
   196 | D:1      | 196 ||| INVOKING Spit Poison.
   612 | D:1      | 612 ||| UPGRADING to amulet of reflection.
   617 | D:1      | 617 ||| READING scroll labelled INWELL DOIHO.
   618 | D:1      | 618 ||| READING scroll labelled ZAOTAA YPHU.
   619 | D:1      | 619 ||| READING scroll labelled QEDOLE NEODD.
   620 | D:1      | 620 ||| READING scroll labelled OMYOW ZULY.
   623 | D:1      | 623 ||| DRINKING 2 fuming coppery potions.
   624 | D:1      | 624 ||| DROPPING scroll of butterflies.
   738 | D:2      | 738 ||| INVOKING Spit Poison.
   744 | D:2      | 744 ||| INVOKING Spit Poison.
   746 | D:2      | Reached XP level 3. HP: 19/32 MP: 3/3
   750 | D:2      | 750 ||| INVOKING Spit Poison.
   753 | D:2      | 753 ||| INVOKING Spit Poison.
   757 | D:2      | HP: 8/32 [hobgoblin (3)]
   758 | D:2      | 758 ||| INVOKING Spit Poison.
   761 | D:2      | 761 ||| INVOKING Spit Poison.
   789 | D:2      | 789 ||| INVOKING Spit Poison.
   794 | D:2      | 794 ||| INVOKING Spit Poison.
   901 | D:2      | 901 ||| INVOKING Spit Poison.
   925 | D:2      | 925 ||| INVOKING Spit Poison.
  1066 | D:2      | 1066 ||| INVOKING Spit Poison.
  1070 | D:2      | 1070 ||| INVOKING Spit Poison.
  1099 | D:2      | 1099 ||| INVOKING Spit Poison.
  1159 | D:2      | 1159 ||| INVOKING Spit Poison.
  1320 | D:2      | 1320 ||| INVOKING Spit Poison.
  1324 | D:2      | 1324 ||| INVOKING Spit Poison.
  1325 | D:2      | Reached skill level 5 in Ranged Weapons
  1325 | D:2      | Reached XP level 4. HP: 39/39 MP: 4/4
  1458 | D:2      | 1458 ||| READING 3 scrolls labelled XIOTINTUXA.
  1459 | D:2      | 1459 ||| READING scroll labelled ULUROWN JULOSM.
  1460 | D:2      | 1460 ||| DRINKING 2 fuming ruby potions.
  1461 | D:2      | 1461 ||| DROPPING potion of enlightenment.
  1494 | D:3      | 1494 ||| INVOKING Spit Poison.
  1514 | D:3      | 1514 ||| INVOKING Spit Poison.
  1521 | D:3      | 1521 ||| INVOKING Spit Poison.
  1524 | D:3      | 1524 ||| INVOKING Spit Poison.
  1525 | D:3      | HP: 9/40 [orc/+0 club (4)]
  1526 | D:3      | HP: 4/40 [orc/+0 hand axe (5)]
  1527 | D:3      | Slain by an orc

Levels and vault maps discovered:
D:1:      lightli_arrival_flooded_house, layout_loops_ring
D:2:      layout_basic, guppyfry_early_orc_mine
D:3:      layout_loops_ring, tso_metal_star, ebering_ghost_gozag

Skill      XL: |  1  2  3 |
---------------+----------+-----
Ranged Weapons | 4 5 |  5.0
Fighting       | |  2.8
Dodging        | |  1.5
Stealth        | |  1.5

Action                     |  1- 3 |  4- 6 || total
---------------------------+-------+-------++-------
   Fire: Shortbow          |    67 |    15 ||    82
Ability: Spit Poison       |    24 |     4 ||    28
    Use: Scroll            |     4 |     2 ||     6
         Potion            |     1 |     1 ||     2
 Armour: Leather armour    |    11 |       ||    11
  Dodge: Dodged            |    29 |     8 ||    37
  Block: Other             |    10 |     3 ||    13

Table legend:
 A = Non-vault XP
 B = Vault XP
 C = Vault XP percentage of total XP
 D = Non-vault monster count
 E = Vault monster count
 F = Vault count percentage of total count
                 A         B        C        D         E       F
            +---------+---------+-------+---------+---------+-------
      Total |     115 |      17 |  12.9 |      36 |       7 |  16.3
            +---------+---------+-------+---------+---------+-------
        D:1 |      25 |       0 |   0.0 |      17 |       0 |   0.0
        D:2 |      43 |      17 |  28.3 |      14 |       7 |  33.3
        D:3 |      47 |       0 |   0.0 |       5 |       0 |   0.0
            +---------+---------+-------+---------+---------+-------
